 Dungeon Crawl Stone Soup version 0.27-a0-1184-ge86db4a01e (webtiles) character file.

Game seed: 10563346043623349756

39 bande the Covered (level 3, -2/24 HPs)
             Began as a Gargoyle Fighter on May 18, 2021.
             Slain by an adder (3 damage)
             ... on level 2 of the Dungeon.
             The game lasted 00:03:46 (1247 turns).

bande the Covered (Gargoyle Fighter)                Turns: 1247, Time: 00:03:46

Health: -2/24      AC: 11    Str: 21    XL:     3   Next: 45%
Magic:  2/2        EV:  7    Int:  8    God:
Gold:   49         SH: 10    Dex: 10    Spells: 2/2 levels left

rFire    . . .     SeeInvis .   a - +0 war axe (flame)
rCold    . . .     Faith    .   c - +1 kite shield
rNeg     + . .     Spirit   .   b - +0 scale mail
rPois    ∞         Reflect  .   g - +0 helmet
rElec    +         Harm     .   (no cloak)
rCorr    .         Rampage  .   (no gloves)
Will     .....     Rnd*Rage +   (no boots)
Stlth    ..........             (no amulet)
HPRegen  0.08/turn              (no ring)
MPRegen  0.08/turn              (no ring)

@: mighty
A: sickness immunity, AC +3, negative energy resistance 1, electricity
resistance, torment resistance 1, petrification resistance, berserk 1, low mp 1,
mutation resistance 1, strong 1
a: no special abilities


You were on level 2 of the Dungeon.
You visited 1 branch of the dungeon, and saw 2 of its levels.

You collected 49 gold pieces.

Inventory:

Hand Weapons
 a - a +0 war axe of flaming (weapon)
Armour
 b - a +0 scale mail (worn)
 c - a +1 kite shield (worn)
 g - a +0 helmet (worn)
Scrolls
 h - 2 scrolls of brand weapon


   Skills:
 + Level 3.6 Fighting
 + Level 2.3 Axes
 + Level 3.6 Armour
 + Level 0.2 Dodging
 + Level 3.6 Shields


You had 2 spell levels left.
You didn't know any spells.
Your spell library was empty.

Dungeon Overview and Level Annotations

Branches:
Dungeon (2/15)

Altars:

Annotations:
D:2 Sigmund


Innate Abilities, Weirdness & Mutations

You are immune to sickness and miasma.
Your stone body is resilient. (AC +3)
You are immune to poison.
You resist negative energy. (rN+)
You are resistant to electric shocks. (rElec)
You are resistant to unholy torment.
You are immune to petrification.
You tend to lose your temper in combat.
Your magical capacity is low. (-10% MP)
You are somewhat resistant to further mutation.
Your muscles are strong. (Str +2)


Message History

It is a scroll of enchant armour.
Your +0 kite shield glows green for a moment.
As you read the scroll labelled PAFFIC ODYE, it crumbles to dust.
It is a scroll of brand weapon.
Your +0 war axe is engulfed in flames!
a - a +0 war axe of flaming (weapon)
As you open the door, it creaks loudly!
Found a twisted smoking staff.
There is an open door here.
You see here a staff of poison.
Found a stone staircase leading down.
There is a stone staircase leading down here.
You now have 49 gold pieces (gained 4).
An adder comes into view.
The adder hisses angrily.
Sigmund the Dreaded comes into view.
He is wielding a +0 scythe.
You block the adder's attack.
You closely miss the adder. You block the adder's attack.
Sigmund hits you from afar with a +0 scythe!
You block the adder's attack. Sigmund hits you but does no damage.
You slash the adder! You burn the adder.
The adder is almost dead.
You block the adder's attack.
Sigmund hits you from afar with a +0 scythe.
The adder bites you but does no damage.
You are too injured to fight recklessly!
You are too injured to fight recklessly!
You feel very mighty all of a sudden. You block the adder's attack.
Sigmund hits you from afar with a +0 scythe!
* * * LOW HITPOINT WARNING * * *
You barely miss the adder.
The adder is almost dead.
You block the adder's attack.
Sigmund points at himself and mumbles some strange words.
Sigmund flickers and vanishes!
Deactivating autopickup; reactivate with Ctrl-A.
You block the adder's attack. Something hits you but does no damage.
The adder bites you.
You die...

..#.# ....# .#
#..###.### .#
......... .#
.#..##.## .#
.#...... .# .
.#..##.# ######.#
... .#...#.#
#......#.....
##.#.#.#
#.#..@S{.# #.#...#
#.##.#####
##|##..# #.##.#
...##..#####.#...
######>......####.
######### .# #


You could see an adder.

Vanquished Creatures
  2 ball pythons (D:1)
  3 bats
  6 endoplasms
  A giant cockroach (D:1)
  4 goblins (D:1)
  4 hobgoblins (D:1)
  3 jackals (D:2)
  3 quokkas
  A frilled lizard (D:1)
  4 kobolds
31 creatures vanquished.

Notes
Turn   | Place    | Note
-------+----------+-------------------------------------------
     0 | D:1      | bande the Gargoyle Fighter began the quest for the Orb.
     0 | D:1      | Reached XP level 1. HP: 14/14 MP: 1/1
   200 | D:1      | Reached XP level 2. HP: 17/19 MP: 2/2
   420 | D:1      | Found a faded altar of an unknown god.
   604 | D:1      | Gained mutation: You possess an exceptional clarity of
                  | mind. [potion of mutation]
   604 | D:1      | Gained mutation: You are clumsy. (Dex -2) [potion of
                  | mutation]
   626 | D:1      | Reached XP level 3. HP: 23/23 MP: 3/3
  1113 | D:2      | Lost mutation: You possess an exceptional clarity of mind.
                  | [potion of mutation]
  1113 | D:2      | Lost mutation: You are clumsy. (Dex -2) [potion of
                  | mutation]
  1113 | D:2      | Gained mutation: Your magical capacity is low. (-10% MP)
                  | [potion of mutation]
  1113 | D:2      | Gained mutation: You tend to lose your temper in combat.
                  | [potion of mutation]
  1113 | D:2      | Gained mutation: Your muscles are strong. (Str +2) [potion
                  | of mutation]
  1113 | D:2      | Gained mutation: You are somewhat resistant to further
                  | mutation. [potion of mutation]
  1242 | D:2      | Noticed Sigmund
  1246 | D:2      | HP: 1/24 [Sigmund/+0 scythe (9)]
  1247 | D:2      | Slain by an adder

Illustrated notes

Levels and vault maps discovered:
D:1:      amcnicky_arrival_flooded_fountain, layout_basic,
          hellmonk_ecumenical_altar_arch_garden
D:2:      layout_basic, serial_bayou_pond_c, uniq_sigmund

Skill      XL: |  1  2 |
---------------+-------+-----
Axes           | 2 |  2.3
Fighting       | |  3.6
Armour         | |  3.6
Dodging        | |  0.2
Shields        | |  3.6

Action                   || total
-------------------------++-------
Melee: War axe           ||    97
  Use: Scroll            ||     4
       Potion            ||     3
Armor: Scale mail        ||    76
Dodge: Dodged            ||    33
Block: Kite shield       ||    76

Table legend: (Time is in decaauts)
 A = Elapsed time spent in this place.
 B = Non-inter-level travel time spent in this place.
 C = Inter-level travel time spent in this place.
 D = Time resting spent in this place.
 E = Time spent auto-exploring this place.
 F = Levels seen in this place.
 G = Mean time per level.
                   A        B        C        D        E       F      G
               +--------+--------+--------+--------+--------+-----+--------+
         Total |   1307 |   1307 |      0 |    122 |    891 |   2 |  653.5 |
       Dungeon |   1307 |   1307 |      0 |    122 |    891 |   2 |  653.5 |
               +--------+--------+--------+--------+--------+-----+--------+

Top non-repeatable levels by time:
     D:1: 1137 daAuts
     D:2: 170 daAuts
